 Dungeon Crawl Stone Soup version 0.27.1-34-g3ba077fa99 (webtiles) character file.

Game seed: 11456921882287103427

429 Arum the Stinger (level 7, -5/46 HPs)
             Began as a Formicid Venom Mage on Jan 8, 2022.
             Was an Initiate of Vehumet.
             Slain by a two-headed ogre (26 damage)
             ... on level 5 of the Dungeon.
             The game lasted 00:09:22 (5632 turns).

Arum the Stinger (Formicid Venom Mage)              Turns: 5632, Time: 00:09:22

Health: -5/46      AC:  2    Str: 13    XL:     7   Next: 19%
Magic:  1/14       EV: 12    Int: 16    God:    Vehumet [......]
Gold:   250        SH:  0    Dex: 11    Spells: 8/15 levels left

rFire    . . .     SeeInvis +   d - +0 whip
rCold    . . .     Faith    .   (no shield)
rNeg     . . .     Spirit   .   a - +0 robe
rPois    .         Reflect  .   (helmet unavailable)
rElec    .         Harm     .   (no cloak)
rCorr    .         Rampage  .   (no gloves)
Will     .....                  (no boots)
Stlth    ++........             (no amulet)
HPRegen  0.15/turn              (no ring)
MPRegen  0.14/turn              (no ring)

@: radiating poison
A: permanent stasis, dig shafts and tunnels, antennae 3, four strong arms
a: Dig, Shaft Self, Renounce Religion


You were on level 5 of the Dungeon.
You worshipped Vehumet.
Vehumet was noncommittal.
You visited 1 branch of the dungeon, and saw 5 of its levels.

You collected 250 gold pieces.

Inventory:

Hand Weapons
 d - a +0 whip (weapon)
Missiles
 i - a throwing net
Armour
 a - a +0 robe (worn)
Wands
 b - a wand of paralysis (7)
 h - a wand of iceblast (2)
Potions
 c - a potion of ambrosia
 e - 3 potions of curing
 f - a potion of brilliance
 g - 3 potions of might


   Skills:
 + Level 3.2 Dodging
 - Level 2.4 Stealth
 * Level 4.9 Spellcasting
 - Level 1.1 Transmutations
 * Level 7.0 Poison Magic


You had 8 spell levels left.
You knew the following spells:

 Your Spells              Type           Power      Damage    Failure   Level
a - Sting                 Tmut/Pois      64%        1d6       3%          1
b - Poisonous Vapours     Pois/Air       30%        N/A       5%          2
c - Olgreb's Toxic Radia  Pois           26%        N/A       9%          4

Your spell library contained the following spells:

 Spells                   Type           Power      Damage    Failure   Level
 Freeze                   Ice            12%        1d4       16%         1
 Mephitic Cloud           Conj/Pois/Air  11%        N/A       19%         3
 Frozen Ramparts          Ice            6%         1d2       43%         3
 Petrify                  Tmut/Erth      5%         N/A       77%         4
 Hailstorm                Conj/Ice       3%         3d3       83%         4
 Metabolic Englaciation   Hex/Ice        1%         N/A       99%         5
 Statue Form              Tmut/Erth      3%         N/A       100%        6


Dungeon Overview and Level Annotations

Branches:
Dungeon (5/15)
 Temple: D:4-7

Altars:
Cheibriados
Elyvilon
Okawaru
Ru
Sif Muna
Vehumet
Wu Jian
Xom
The Shining One

Shops:
D:4 [


Innate Abilities, Weirdness & Mutations

You cannot be hasted, slowed, berserked, paralysed or teleported.
You can dig through walls and to a lower floor.
You have a pair of large antennae on your head. (SInv)
Your four strong arms can wield two-handed weapons with a shield.


Message History

The two-headed ogre looks as sick as possible!
Casting: Poisonous Vapours (safe; 5% risk of failure)
Confirm with . or Enter, or press ? or * to list all spells.
Aiming: Poisonous Vapours (safe; 5% risk of failure)
Press: ? - help, Dir - move target, f/p - two-headed ogre
Aim: a two-headed ogre, wielding a +0 giant club and a +0 giant spiked club (lightly wounded, extremely poisoned) Poisonous vapours surround the two-headed ogre!
The two-headed ogre looks as sick as possible!
Casting: Poisonous Vapours (safe; 5% risk of failure)
Confirm with . or Enter, or press ? or * to list all spells.
Aiming: Poisonous Vapours (safe; 5% risk of failure)
Press: ? - help, Dir - move target, f/p - two-headed ogre
Aim: a two-headed ogre, wielding a +0 giant club and a +0 giant spiked club (moderately wounded, very poisoned)
You miscast Poisonous Vapours.
You are very lightly contaminated with residual magic.
Nothing appears to happen.
Your magical contamination has completely faded away.
Casting: Poisonous Vapours (safe; 5% risk of failure)
Confirm with . or Enter, or press ? or * to list all spells.
Aiming: Poisonous Vapours (safe; 5% risk of failure)
Press: ? - help, Dir - move target, f/p - two-headed ogre
Aim: a two-headed ogre, wielding a +0 giant club and a +0 giant spiked club (heavily wounded, poisoned) Poisonous vapours surround the two-headed ogre!
The two-headed ogre looks even sicker.
The two-headed ogre barely misses you.
The two-headed ogre hits you with a +0 giant spiked club!!
Ouch! That really hurt!
Casting: Poisonous Vapours (safe; 5% risk of failure)
Confirm with . or Enter, or press ? or * to list all spells.
The spell is quite dangerous to cast (9% risk of failure)!
Continue anyway?
You begin to radiate toxic energy.
The two-headed ogre looks even sicker.
The two-headed ogre looks as sick as possible!
Your toxic aura wanes.
Casting: Olgreb's Toxic Radiance (quite dangerous; 9% risk of failure)
Confirm with . or Enter, or press ? or * to list all spells.
The spell is quite dangerous to cast (9% risk of failure)!
Continue anyway?
You begin to radiate toxic energy.
The two-headed ogre looks even sicker.
The two-headed ogre barely misses you.
The two-headed ogre hits you with a +0 giant spiked club!!
Ouch! That really hurt!
You die...

#..# #..# #.##.# # #..# #.##.#
#.####..#####.##.# ##
.................# ..
#..........#..#..#####.#
#######...##<#.........#.######
..........##.##.#..###.#....[..
######.#......@O.........#
#.####.......###.##.# #.#
#####.#.####.# #
#.###..........#.#
#...........##.#.##.###
#####.###.....#......... #.#
#.####.#.###.##. #.# #.# #.#...
#.# #.# #.#..##


You could see a two-headed ogre (very poisoned).

Vanquished Creatures
  A scorpion (D:4)
  A centaur zombie (D:4)
  A jelly (D:4)
  An orc priest (D:4)
  A bullfrog skeleton (D:4)
  A hound (D:4)
  A centaur skeleton (D:4)
  An iguana (D:4)
  Natasha (thrice) (D:3 D:2)
  2 adders
  A howler monkey skeleton (D:3)
  5 orcs
  9 ball pythons
  5 bats
  3 endoplasms
  2 giant cockroaches
  6 goblins
  3 hobgoblins
  4 kobolds
  4 quokkas
  2 frilled lizards (D:3)
  6 rats
63 creatures vanquished.

Notes
Turn   | Place    | Note
-------+----------+-------------------------------------------
     0 | D:1      | Arum the Formicid Venom Mage began the quest for the Orb.
     0 | D:1      | Reached XP level 1. HP: 13/13 MP: 3/3
   276 | D:1      | Reached XP level 2. HP: 19/19 MP: 0/5
   505 | D:1      | Learned a level 2 spell: Poisonous Vapours
  1089 | D:1      | Reached XP level 3. HP: 24/24 MP: 1/7
  1864 | D:2      | Found a faded altar of an unknown god.
  1864 | D:2      | Noticed a great orb of eyes
  1867 | D:2      | Noticed a floating eye
  1891 | D:2      | Noticed a great orb of eyes
  1891 | D:2      | Noticed a floating eye
  2714 | D:3      | Found a glowing golden altar of the Shining One.
  2819 | D:3      | Found a snail-covered altar of Cheibriados.
  2819 | D:3      | Found a white marble altar of Elyvilon.
  2819 | D:3      | Found a sacrificial altar of Ru.
  2819 | D:3      | Found a radiant altar of Vehumet.
  2827 | D:3      | Found a shimmering blue altar of Sif Muna.
  2827 | D:3      | Found a shimmering altar of Xom.
  2832 | D:3      | Became a worshipper of Vehumet
  2983 | D:3      | Found an iron altar of Okawaru.
  2994 | D:3      | Noticed Natasha
  3009 | D:3      | Killed Natasha
  3010 | D:3      | Reached skill level 5 in Poison Magic
  3010 | D:3      | Reached XP level 4. HP: 30/30 MP: 0/8
  3586 | D:3      | Noticed Natasha
  3602 | D:3      | Killed Natasha
  3603 | D:3      | Reached XP level 5. HP: 12/35 MP: 1/10
  4106 | D:4      | Learned a level 4 spell: Olgreb's Toxic Radiance
  4241 | D:3      | Noticed Natasha
  4256 | D:2      | Killed Natasha
  4257 | D:2      | Reached skill level 6 in Poison Magic
  4257 | D:2      | Reached XP level 6. HP: 21/41 MP: 1/12
  4478 | D:4      | Found Atuirph's Armour Emporium.
  4693 | D:4      | Reached XP level 7. HP: 8/46 MP: 11/14
  5087 | D:4      | Found an ornate altar of the Wu Jian Council.
  5214 | D:4      | Reached skill level 7 in Poison Magic
  5298 | D:5      | Entered Level 5 of the Dungeon
  5581 | D:5      | Noticed a two-headed ogre
  5632 | D:5      | Slain by a two-headed ogre

Illustrated notes

Levels and vault maps discovered:
D:1:      grunt_arrival_crossed_arrows, layout_loops_ring, minmay_pentomino_t4
D:2:      layout_basic, hellmonk_ecumenical_altar_watching_god
D:3:      layout_basic, okawaru_trees_2, tso_metal_star,
          minmay_overflow_temple_hex, uniq_natasha
D:4:      layout_rooms, nzn_wu_jian_contemplation, serial_shops,
          nicolae_shop_statue_plus
D:5:      layout_loops_ring, zin_scriptorium, hellmonk_bongcloud_opening

Skill      XL: |  1  2  3  4  5  6  7 |
---------------+----------------------+-----
Dodging        | 2 3 |  3.2
Spellcasting   | 3 4 |  4.9
Poison Magic   | 5 6 7 |  7.0
Stealth        | |  2.4
Transmutations | |  1.1

Action                   |  1- 3 |  4- 6 |  7- 9 || total
-------------------------+-------+-------+-------++-------
Melee: Unarmed           |     2 |       |       ||     2
       Whip              |     3 |    45 |    10 ||    58
 Cast: Sting             |    64 |    11 |     7 ||    82
       Poisonous Vapours |     4 |    21 |     3 ||    28
       Olgreb's Toxic Ra |       |     2 |     3 ||     5
 Abil: Dig               |     3 |       |       ||     3
Evoke: Wand              |       |    11 |     3 ||    14
  Use: Scroll            |       |     6 |     2 ||     8
Armor: Robe              |     6 |    10 |     1 ||    17
Dodge: Dodged            |    17 |    46 |    18 ||    81
